Map: Dusk Towers

Players

MorN

  • Race: Terran Terran
  • League: Master

Apocalypse - Winner!

  • Race: Protoss Protoss
  • League: Master

VOD

Have the link to the VOD?

Description

Time

  • Played on: Dec. 2, 2015, 10:59 p.m.
  • Length: 10:10
Show
View Real Time Build Order
Export as new Build Order

MorN Terran 

Build Orders: Cyclone Opening, MMM Bio 

Get SALT Encoding   

  12  0:00  SCV  
  13  0:12  SCV  
  14  0:17  Supply Depot  
  14  0:25  SCV  
  15  0:39  SCV  
  15  0:41  Barracks  
  16  0:46  Refinery  
  16  0:51  SCV  
  17  1:04  SCV  
  18  1:16  SCV  
  19  1:28  Marine  
  19  1:29  Orbital Command  
  20  1:41  Command Center  
  20  1:51  Factory  
  20  1:55  SCV  
  21  2:03  Supply Depot  
  21  2:04  Marine  
  22  2:08  SCV  
  23  2:24  Marine  
  23  2:26  SCV  
  25  2:36  Factory Tech Lab, Barracks  
  25  2:38  SCV  
  25  2:44  Marine  
  27  2:50  SCV  
  28  2:55  Orbital Command  
  28  2:57  Cyclone  
  31  3:03  SCV, Marine  
  33  3:10  Refinery  
  33  3:15  SCV  
  34  3:20  Marine  
  35  3:27  SCV  
  35  3:32  Barracks  
  36  3:35  Stimpack  
  36  3:38  Marine  
  37  3:45  Factory Reactor  
  37  3:46  SCV  
  38  3:53  SCV, Engineering Bay  
  38  3:55  Command Center  
  39  3:58  SCV  
  40  4:05  SCV, Barracks Tech Lab  
  40  4:07  Supply Depot  
  41  4:11  SCV  
  42  4:17  SCV  
  42  4:20  Marauder  
  42  4:24  Starport  
  45  4:25  Marine  
  45  4:29  SCV  
  45  4:30  Refinery  
  47  4:36  SCV  
  48  4:41  Factory Reactor  
  48  4:42  Marauder  
  48  4:43  Marine  
  51  4:47  SCV  
  51  4:49  Marine x2  
  51  4:51  Terran Infantry Weapons Level 1  
  54  4:57  Refinery  
  54  5:06  SCV x2, Orbital Command  
  56  5:07  Supply Depot  
  56  5:14  Marine  
  56  5:15  Marauder x2, Marine  
  54  5:30  SCV  
  54  5:31  SCV  
  54  5:32  Marine x2  
  56  5:36  SCV  
  56  5:37  Marauder  
  56  5:38  Marine  
  56  5:41  Medivac x2  
  64  5:43  SCV  
  64  5:47  Engineering Bay  
  65  5:50  Armory, Marine x2  
  65  5:54  SCV x2  
  65  5:56  Marauder  
  71  5:57  Marine  
  71  5:59  Supply Depot  
  72  6:14  Marine  
  72  6:15  Medivac, Marine  
  72  6:16  Marauder  
  75  6:28  Marine  
  75  6:32  Marine  
  74  6:35  Marine  
  74  6:36  Medivac  
  74  6:37  Marauder  
  80  6:40  SCV, Barracks  
  80  6:41  SCV, Barracks  
  80  6:46  Combat Shields, Marine  
  83  6:49  Concussive Shells  
  83  6:51  Orbital Command  
  83  6:58  SCV x2  
  85  7:02  Supply Depot  
  85  7:03  Factory Reactor  
  85  7:04  Supply Depot  
  85  7:05  Supply Depot  
  85  7:11  SCV  
  85  7:24  SCV x2, Marauder  
  85  7:27  SCV, Terran Infantry Weapons Level 2  
  85  7:29  Terran Infantry Armor Level 1  
  90  7:36  SCV  
  88  7:39  Marine x2  
  88  7:40  Barracks Tech Lab, Marauder  
  88  7:41  Barracks Reactor  
  92  7:46  Marauder  
  94  7:52  Missile Turret, Liberator  
  94  7:55  Missile Turret  
  94  7:57  Marine x2  
  96  8:01  Marauder  
  96  8:02  Widow Mine  
  96  8:03  Widow Mine  
  102  8:07  Marauder, Marine  
  102  8:14  Marine  
  102  8:15  Marine  
  88  8:23  Marauder  
  88  8:25  Marine  
  86  8:28  Marauder  
  81  8:37  Marine  
  79  8:49  Liberator x2  
  79  8:51  Marauder, Marine x2  
  72  9:03  Marine x2  
  72  9:04  Marauder  
  62  9:18  Marine  
  62  9:19  Marauder, Widow Mine x2, Marine  
  62  9:26  Orbital Command  
  52  9:37  Marauder x2  
  53  9:40  Marine  
Show
View Real Time Build Order
Export as new Build Order

Apocalypse Protoss - Winner!

Build Orders: 1 Gate Expand 

Get SALT Encoding   

  12  0:01  Probe (Chrono Boost)  
  13  0:11  Probe (Chrono Boost)  
  14  0:17  Pylon  
  14  0:22  Probe (Chrono Boost)  
  15  0:35  Probe (Chrono Boost)  
  16  0:36  Gateway  
  16  0:46  Probe (Chrono Boost)  
  16  0:48  Assimilator  
  17  0:56  Probe (Chrono Boost)  
  18  1:07  Probe (Chrono Boost)  
  19  1:17  Probe (Chrono Boost)  
  20  1:24  Nexus  
  20  1:28  Probe (Chrono Boost)  
  21  1:36  Cybernetics Core  
  21  1:39  Probe (Chrono Boost)  
  22  1:45  Pylon  
  22  1:50  Probe (Chrono Boost)  
  22  1:53  Assimilator  
  23  2:04  Probe (Chrono Boost)  
  24  2:14  Probe (Chrono Boost)  
  25  2:18  Adept  
  25  2:19  Warp Gate  
  27  2:25  Mothership Core (Chrono Boost)  
  27  2:26  Forge  
  30  2:37  Probe (Chrono Boost)  
  30  2:43  Probe (Chrono Boost)  
  31  2:45  Adept  
  31  2:49  Probe (Chrono Boost)  
  34  2:54  Probe (Chrono Boost)  
  34  2:58  Probe (Chrono Boost), Protoss Ground Armor Level 1 (Chrono Boost)  
  35  3:05  Probe  
  37  3:09  Probe  
  37  3:10  Robotics Facility  
  38  3:15  Adept  
  38  3:17  Probe  
  38  3:19  Probe  
  42  3:29  Probe  
  42  3:30  Probe  
  44  3:37  Pylon  
  44  3:43  Adept  
  46  3:54  Probe  
  46  3:55  Probe  
  46  3:57  Warp Prism  
  50  4:03  Gateway x2  
  50  4:04  Probe  
  50  4:08  Probe  
  52  4:10  Twilight Council, Pylon  
  52  4:22  Sentry  
  54  4:28  Probe x2  
  54  4:30  Pylon  
  56  4:32  Protoss Ground Armor Level 2 (Chrono Boost), Assimilator  
  56  4:34  Observer (Chrono Boost)  
  56  4:38  Assimilator  
  57  4:39  Pylon  
  57  4:47  Resonating Glaives (Chrono Boost)  
  57  4:59  Adept  
  59  5:03  Probe x2, Nexus, Pylon  
  61  5:11  Immortal  
  65  5:15  Probe x2  
  67  5:32  Probe x2  
  67  5:34  Sentry  
  71  5:36  Adept x2  
  75  5:44  Probe x2  
  75  5:49  Gateway  
  77  5:50  Immortal (Chrono Boost), Gateway  
  77  5:56  Probe x2  
  83  6:10  Probe x2  
  85  6:17  Probe, Blink (Chrono Boost)  
  85  6:20  Assimilator  
  85  6:22  Probe x2  
  85  6:24  Sentry x3  
  85  6:25  Pylon, Assimilator  
  94  6:27  Pylon  
  90  6:36  Probe  
  90  6:37  Probe  
  90  6:39  Immortal (Chrono Boost)  
  96  6:43  Protoss Ground Armor Level 3  
  96  6:47  Stalker  
  96  6:48  Stalker x2  
  96  6:49  Adept  
  96  6:50  Adept  
  96  6:51  Probe  
  96  6:52  Probe x2  
  109  7:01  Pylon  
  109  7:03  Pylon  
  109  7:04  Probe x2  
  111  7:14  Immortal (Chrono Boost)  
  111  7:17  Probe x2  
  111  7:22  Probe  
  114  7:27  Stalker x4  
  114  7:29  Probe  
  123  7:30  Sentry  
  123  7:38  Probe  
  123  7:43  Photon Cannon  
  124  7:44  Photon Cannon  
  124  7:45  Photon Cannon  
  124  7:47  Immortal  
  124  7:57  Photon Cannon  
  128  7:59  Adept x2  
  132  8:05  Pylon  
  132  8:07  Pylon  
  132  8:10  Templar Archives  
  130  8:19  Adept  
  132  8:25  Adept  
  132  8:26  Adept, Zealot x2  
  138  8:57  Probe x2  
  138  9:01  Immortal  
  123  9:04  Adept x5  
  123  9:09  Probe  
  134  9:25  Probe x2  
  132  9:32  Stalker  
  132  9:36  Pylon  
  134  9:45  Probe x2  
  134  9:51  Pylon x2  
  132  9:53  Pylon  
  132  9:58  Probe  
  133  10:05  Sentry  
  133  10:06  Sentry x4  
Tags
 
Add a new tag
Caveats
  • Supply blocks, unpowered buildings, or Contaminate may cause inaccurate times.
  • Supply counts are checked every 10 seconds.